 Dungeon Crawl Stone Soup version 0.22.0 (webtiles) character file.

130178 Blackhawk the Severer (level 16, -2/151 HPs)
             Began as a Minotaur Berserker on Oct 27, 2018.
             Was an Elder of Trog.
             Killed from afar by Ilsuiw (22 damage)
             ... with a shard of ice
             ... on level 2 of the Shoals.
             The game lasted 01:34:51 (27483 turns).

Blackhawk the Severer (Minotaur Berserker)         Turns: 27483, Time: 01:34:51

Health: -2/151     AC: 19    Str: 33    XL:     16   Next: 52%
Magic:  21/21      EV: 18    Int:  4    God:    Trog [****..]
Gold:   910        SH: 18    Dex: 10    Spells: 15/15 levels left

rFire    + . .     SeeInvis .   U - +5 hand axe "Tomoshos" {flame, Str+4}
rCold    + . .     Gourm    .   H - +0 shield
rNeg     . . .     Faith    .   t - +7 Kryia's mail coat {PotionHeal*2 rC+}
rPois    .         Spirit   .   s - +1 hat
rElec    .         Reflect  +   (no cloak)
rCorr    .         Harm     .   (no gloves)
MR       +....                  i - +0 pair of boots {Fly}
Stlth    ..........             w - +3 amulet of reflection
HPRegen  0.35/turn              l - +4 ring of evasion
MPRegen  0.17/turn              E - ring of protection from fire

@: lethally poisoned (-2 -> -2), flying
A: retaliatory headbutt, horns 2
a: Berserk, Trog's Hand, Brothers in Arms, Renounce Religion, Stop Flying


You were on level 2 of the Shoals.
You worshipped Trog.
Trog was greatly pleased with you.
You were not hungry.

You visited 5 branches of the dungeon, and saw 26 of its levels.
You visited the Abyss 3 times.

You collected 2704 gold pieces.
You spent 1794 gold pieces at shops.

Inventory:

Hand Weapons
 Q - a +1 hunting sling of freezing
 S - a +5 antimagic great mace
 U - the +5 hand axe "Tomoshos" (weapon) {flame, Str+4}
   (You took it off an orc on level 8 of the Dungeon)

   It has been specially enchanted to burn those struck by it, causing extra
   injury to most foes and up to half again as much damage against particularly
   susceptible opponents.
   Big, fiery blades are also staple armaments of hydra-hunters.
   It affects your strength (+4).
Missiles
 h - 342 sling bullets
 M - a throwing net (quivered)
Armour
 f - a scarf of cloud immunity
 i - a +0 pair of boots of flying (worn)
 s - a +1 hat (worn)
 t - the +7 Kryia's mail coat (worn) {PotionHeal*2 rC+}
   (You found it on level 1 of the Lair of Beasts)

   It protects you from cold.
 H - a +0 shield (worn)
 L - a +4 chain mail of cold resistance
 W - a +1 cloak of invisibility
Jewellery
 l - a +4 ring of evasion (left hand)
 p - an uncursed ring of positive energy
 v - an uncursed amulet of guardian spirit
 w - a +3 amulet of reflection (around neck)
 A - an uncursed ring of magical power {unknown}
 E - a ring of protection from fire (right hand)
Wands
 a - a wand of acid (18)
 d - a wand of random effects (55)
 k - a wand of scattershot (7)
 r - a wand of polymorph (15)
 z - a wand of disintegration (7)
 I - a wand of iceblast (31)
 Y - a wand of clouds (3)
Scrolls
 e - 10 scrolls of teleportation
 m - 4 scrolls of enchant armour
 q - a scroll of summoning {unknown}
 u - 4 scrolls of identify
 y - 3 scrolls of fear
 G - 6 scrolls of magic mapping
 J - 15 scrolls of remove curse
 O - a scroll of blinking
 P - 2 scrolls of enchant weapon
 R - 4 scrolls of immolation
 V - 2 scrolls of fog
Potions
 b - 4 potions of mutation
 g - 3 potions of resistance
 j - 2 potions of heal wounds
 o - 11 potions of curing
 x - 2 potions of invisibility {unknown}
 B - 6 potions of might
 C - 4 potions of agility
 F - 4 potions of haste
 K - a potion of flight
 N - 3 potions of brilliance
 T - a potion of cancellation
 X - 7 potions of lignification
 Z - 4 potions of ambrosia
Miscellaneous
 n - 2 boxes of beasts
Comestibles
 c - 44 rations
 D - 6 chunks of flesh


   Skills:
 * Level 16.0 Fighting
 * Level 16.3(17.3) Axes
 - Level 10.5(14.5) Maces & Flails
 + Level 15.1 Armour
 + Level 8.7 Dodging
 - Level 15.0 Shields
 + Level 8.1 Evocations


You had 15 spell levels left.
You didn't know any spells.
Your spell library was empty.

Dungeon Overview and Level Annotations

Branches:
Dungeon (15/15)            Temple (1/1) D:6            Lair (6/6) D:11
 Shoals (2/4) Lair:3        Snake (0/4) Lair:2        Slime (0/5) Lair:5
    Orc (2/2) D:9             Elf (0/3) Orc:2        Vaults (0/5) D:14
 Depths (0/5) D:15

Altars:
Elyvilon
Gozag
Makhleb
Nemelex Xobeh
Okawaru
Ru
Trog
Xom
Yredelemnul
Zin
The Shining One
Jiyva

Shops:
D:5 *[*%   D:12 *   Orc:1 (   Orc:2 [(*:*[

Annotations:
D:14 3 runed doors, Kave's ghost, journeyman TrTm
Lair:3 3 runed doors, PrincessPwny's ghost, journeyman GnFi
Lair:4 Sonja
Lair:5 exclusion: oklob plant
Shoals:2 Ilsuiw


Innate Abilities, Weirdness & Mutations

You reflexively headbutt those who attack you in melee.
You have a pair of horns on your head.


Message History

Something hits your two-headed ogre! Something freezes your two-headed ogre.
You feel sick.
Your two-headed ogre disappears in a puff of smoke!
Your two-headed ogre hits the plant but does no damage.
Your two-headed ogre hits the plant with a giant spiked club.
Your two-headed ogre hits the plant with a giant club!
Your two-headed ogre hits the plant with a giant spiked club!!!
Send 'em back where they came from!
Your two-headed ogre is no longer berserk.
Your two-headed ogre disappears in a puff of smoke!
A shard of ice appears from out of thin air!
The shard of ice reflects off an invisible shield around you!
You feel sick.
A shard of ice appears from out of thin air!
The shard of ice hits you! You partially resist.
* * * LOW HITPOINT WARNING * * *
You feel sick.
A shard of ice appears from out of thin air!
The shard of ice hits you! You partially resist.
You die...

≈≈≈≈≈≈≈≈≈≈≈≈≈≈≈≈≈≈≈≈≈≈≈≈≈≈≈≈≈≈≈≈#
≈≈≈≈≈≈≈≈≈≈≈≈≈≈≈≈≈≈≈≈≈≈≈≈≈≈≈≈≈≈≈≈#
≈≈≈≈≈≈≈≈≈≈≈≈≈≈≈≈≈≈≈≈≈≈≈≈≈≈≈≈≈≈≈≈#
≈≈≈≈≈≈≈≈≈≈≈≈≈≈≈≈≈≈≈≈≈≈≈≈≈≈≈≈≈≈≈≈#
≈≈≈≈≈≈≈≈≈≈≈≈≈≈≈≈≈≈≈≈≈≈≈≈≈≈≈≈≈≈≈≈#
≈≈≈≈≈≈≈≈≈≈≈≈≈≈≈≈≈≈≈≈≈≈≈≈≈≈≈≈≈≈≈≈#
≈≈≈≈≈≈≈≈≈≈≈≈≈≈≈≈≈≈≈≈≈≈≈≈≈≈≈≈≈≈≈≈#
≈≈≈≈≈≈≈≈≈≈≈≈≈≈≈≈≈≈≈≈≈≈≈≈≈≈≈≈≈≈≈≈#
≈≈≈≈≈≈≈≈≈≈≈≈≈≈≈≈@≈≈≈≈≈≈≈≈≈≈≈≈≈≈≈#
≈≈≈≈≈≈≈≈≈≈≈≈≈≈≈≈≈≈≈≈≈≈≈≈≈≈≈≈≈≈≈≈#
≈≈≈≈≈≈≈≈≈≈≈≈≈EE≈≈≈≈≈≈≈≈≈≈≈≈≈≈≈≈≈#
≈≈≈≈≈≈≈≈≈≈≈≈≈≈≈{≈≈≈≈≈≈≈≈≈≈≈≈≈≈≈≈#
≈≈≈≈(≈≈≈≈≈≈≈≈≈≈≈≈≈≈≈≈≈≈≈≈≈≈≈≈≈≈≈#
≈≈(≈≈)≈≈≈≈≈≈≈≈≈≈≈≈≈≈≈≈≈≈≈≈≈≈≈≈≈≈#
≈≈≈≈≈≈≈≈≈≈≈≈≈≈≈≈≈≈≈≈≈≈≈≈≈≈≈≈≈≈≈≈#
≈≈≈≈≈≈≈≈≈≈≈≈≈≈≈≈≈≈≈≈≈≈≈≈≈≈≈≈≈≈≈≈#
.≈≈≈≈≈≈≈≈≈≈PPPP≈≈≈≈≈≈≈≈≈≈≈≈≈≈≈≈≈#


You could see 2 water elementals.

Vanquished Creatures
  A bone dragon (Abyss:1)
  A tentacled monstrosity (Abyss:2)
  A kraken (Shoals:2)
  A tentacled starspawn (Abyss:2)
  A stone giant (Orc:2)
  A dire elephant (D:15)
  3 ettins (Orc:2)
  2 merfolk impalers
  8 vault guards (D:14)
  A catoblepas (Lair:6)
  3 centaur warriors
  6 hydras
  An ogre mage (D:15)
  12 two-headed ogres
  Erica (D:11)
  6 death yaks (Lair:5)
  2 death knights
  3 thrashing horrors
  A wretched star (Abyss:1)
  A spatial maelstrom (Abyss:1)
  A sixfirhy (Abyss:2)
  A skeletal warrior (D:14)
  2 sea snakes (Shoals:2)
  2 unseen horrors
  4 large abominations
  2 wolf spiders
  12 manticores
  2 orc sorcerers
  2 fauns
  A worldbinder (Abyss:2)
  8 ugly things
  12 cyclopes
  10 elephants
  A salamander (D:15)
  4 centaur zombies
  2 merfolk sirens
  Maurice (D:10)
  A naga mage (Abyss:1)
  A smoke demon (Abyss:1)
  4 gargoyles
  An apocalypse crab (Abyss:1)
  A torpor snail (Lair:4)
  7 spiny frogs
  An efreet (D:11)
  5 kobold demonologists (D:15)
  3 freezing wraiths
  A rime drake (Lair:6)
  7 komodo dragons
  5 yaktaurs
  An ancient zyme (Abyss:1)
  5 trolls
  4 meliai
  A troll (shapeshifter) (D:11)
  Grinder (D:3)
  A queen bee (Lair:5)
  5 polar bears (Lair:6)
  2 wind drakes
  5 merfolk
  5 hornets (Lair:6)
  A queen bee (shapeshifter) (Abyss:1)
  2 slime creatures
  14 blink frogs
  16 hippogriffs
  4 snapping turtles
  15 dream sheep
  2 small abominations (Abyss:1)
  A meliai zombie (D:11)
  11 spriggans
  2 shadows
  4 flying skulls (Abyss:1)
  A vampire (D:15)
  A water elemental (Shoals:1)
  40 yaks
  Sigmund (D:6)
  2 ynoxinuls
  4 wyverns
  Grum (D:8)
  A golden eye (Abyss:2)
  3 basilisks
  7 vampire mosquitoes (D:14)
  2 hungry ghosts
  A steam dragon (D:12)
  A warg (Orc:2)
  3 nagas (Lair:2)
  An acid dragon (D:11)
  3 porcupines
  8 water moccasins
  4 ice beasts
  A sky beast (D:7)
  15 orc warriors
  5 black bears
  An eye of draining (Abyss:2)
  18 ogres
  5 phantoms
  2 necrophages (Lair:4)
  21 wolves
  8 centaurs
  2 boggarts (Lair:6)
  17 crocodiles
  5 big kobolds
  Blork the orc (D:6)
  13 bullfrogs
  A bullfrog (shapeshifter) (D:11)
  5 scorpions
  42 killer bees
  5 howler monkeys
  3 electric eels
  8 crimson imps
  A bullfrog zombie (D:11)
  7 starcursed masses
  3 quasits
  3 iron imps
  4 jellies
  23 orc priests
  Crazy Yiuf (D:6)
  2 bullfrog skeletons
  8 hounds
  10 centaur skeletons
  3 iguanas
  21 orc wizards
  14 worker ants
  2 worker ant zombies
  A howler monkey zombie (D:9)
  3 gnolls (D:3)
  2 howler monkey skeletons
  17 adders
  2 shadow imps
  A white imp (Abyss:2)
  2 oozes
  An adder zombie (D:10)
  An adder skeleton (D:4)
  A worm (D:4)
  2 dart slugs (D:1)
  8 leopard geckos
  77 orcs
  8 giant cockroaches
  9 goblins
  11 hobgoblins
  17 jackals
  15 kobolds
  6 quokkas
  4 ball pythons
  9 bats
  2 frilled lizards
  A jackal zombie (D:6)
  A leopard gecko skeleton (D:4)
  A quokka skeleton (D:7)
  8 rats
  9 fungi
  A plant (Lair:4)
  2 tentacles (Shoals:2)
848 creatures vanquished.

Vanquished Creatures (collateral kills)
  A Hell Sentinel (Abyss:2)
  A lich (Abyss:1)
  A tentacled starspawn (Abyss:2)
  A merfolk impaler (Shoals:2)
  A glowing orange brain (Abyss:2)
  A worldbinder (Abyss:2)
  2 cyclopes (Orc:2)
  2 merfolk sirens (Shoals:2)
  An orange demon (Abyss:2)
  A freezing wraith (D:14)
  A troll (Orc:2)
  A wind drake (Shoals:2)
  A large abomination (Abyss:2)
  A blink frog (Lair:6)
  A hippogriff (Lair:6)
  A spriggan (Lair:6)
  3 flying skulls (Abyss:1)
  A hungry ghost (Abyss:2)
  2 orc warriors (Orc:1)
  4 starcursed masses
  A boggart (Lair:6)
  A crimson imp (Abyss:1)
  An orc wizard (Orc:1)
  An ufetubus (Abyss:2)
  7 orcs (Orc:1)
  A fungus (Orc:2)
  3 plants (Shoals:2)
  A starspawn tentacle (Abyss:2)
44 creatures vanquished.

Vanquished Creatures (others)
  A merfolk javelineer (Shoals:2)
  A cyclops (D:13)
  9 centaurs
  A kobold (D:15)
  17 fungi
  4 plants
  3 starspawn tentacles (Abyss:2)
  3 tentacles (Shoals:2)
39 creatures vanquished.

Grand Total: 931 creatures vanquished

Notes
Turn   | Place    | Note
-------+----------+-------------------------------------------
     0 | D:1      | Blackhawk the Minotaur Berserker began the quest for the Orb.
     0 | D:1      | Reached XP level 1. HP: 19/19 MP: 0/0
   109 | D:1      | Reached XP level 2. HP: 25/27 MP: 1/1
   511 | D:1      | Reached ** piety under Trog
   511 | D:1      | Reached XP level 3. HP: 26/33 MP: 2/2
   975 | D:2      | Reached XP level 4. HP: 36/41 MP: 3/3
  1077 | D:2      | Found a glowing silver altar of Zin.
  1538 | D:2      | Reached XP level 5. HP: 47/47 MP: 4/4
  1553 | D:2      | Reached *** piety under Trog
  1871 | D:3      | Found a burning altar of Makhleb.
  1876 | D:3      | Reached skill level 5 in Fighting
  1879 | D:3      | Reached skill level 5 in Maces & Flails
  2081 | D:3      | Reached XP level 6. HP: 56/56 MP: 5/5
  2292 | D:4      | Reached **** piety under Trog
  2301 | D:4      | Found an opulent altar of Gozag.
  2624 | D:4      | Reached skill level 5 in Armour
  2624 | D:4      | Reached XP level 7. HP: 59/62 MP: 6/6
  2672 | D:4      | Noticed Grinder
  2717 | D:3      | Paralysed by Grinder for 5 turns
  2731 | D:3      | Killed Grinder
  2731 | D:3      | Reached skill level 5 in Dodging
  3211 | D:5      | Entered Level 5 of the Dungeon
  3212 | D:5      | Found a burning altar of Makhleb.
  3286 | D:5      | Found Xonoff's Assorted Antiques.
  3328 | D:5      | Found Cecw's Armour Shoppe.
  3341 | D:5      | Found Zecal's Assorted Antiques.
  3406 | D:5      | Reached XP level 8. HP: 68/71 MP: 7/7
  3484 | D:5      | Found a glowing golden altar of the Shining One.
  3527 | D:5      | Found Emicset's Food Shoppe.
  3693 | D:5      | Found a basalt altar of Yredelemnul.
  3879 | D:6      | Found a staircase to the Ecumenical Temple.
  3910 | D:6      | Noticed Sigmund
  3940 | D:6      | Killed Sigmund
  3960 | Temple   | Entered the Ecumenical Temple
  4084 | D:6      | Reached skill level 1 in Shields
  4515 | D:6      | Noticed Blork the orc
  4524 | D:6      | Reached XP level 9. HP: 81/81 MP: 8/8
  4527 | D:6      | Reached ***** piety under Trog
  4534 | D:6      | Killed Blork the orc
  4715 | D:6      | Found a shimmering altar of Xom.
  4814 | D:6      | Found a runed door.
  4818 | D:6      | Noticed Crazy Yiuf
  4833 | D:6      | Killed Crazy Yiuf
  5131 | D:7      | Reached skill level 5 in Shields
  5884 | D:7      | Found a sacrificial altar of Ru.
  6119 | D:7      | Found a bloodstained altar of Trog.
  6176 | D:8      | Noticed Grum
  6193 | D:8      | Reached XP level 10. HP: 88/91 MP: 9/9
  6215 | D:8      | Killed Grum
  6747 | D:8      | Found a sparkling altar of Nemelex Xobeh.
  6761 | D:8      | Got a pitted hand axe {flame}
  6762 | D:8      | Identified the +5 hand axe "Tomoshos" {flame, Str+4} (You took it off an orc on level 8 of the Dungeon)
  6773 | D:8      | Found a white marble altar of Elyvilon.
  7140 | D:9      | Noticed a two-headed ogre
  7156 | D:9      | Killed a two-headed ogre
  7159 | D:9      | Reached skill level 10 in Fighting
  7171 | D:9      | Found a staircase to the Orcish Mines.
  7181 | D:9      | Reached skill level 10 in Maces & Flails
  7244 | D:9      | Reached ****** piety under Trog
  7488 | D:10     | Entered Level 10 of the Dungeon
  7512 | D:10     | Noticed a gargoyle
  7540 | D:10     | Killed a gargoyle
  7540 | D:10     | Reached skill level 10 in Shields
  7540 | D:10     | Reached XP level 11. HP: 100/100 MP: 10/10
  7549 | D:10     | Noticed Maurice
  7595 | D:10     | Received a gift from Trog
  7949 | D:10     | Killed an unseen horror
  7949 | D:10     | Reached skill level 10 in Armour
  8063 | D:10     | Killed Maurice
  8384 | D:11     | Reached skill level 1 in Axes
  8599 | D:11     | Noticed a purple ugly thing
  8601 | D:11     | Noticed a two-headed ogre
  8612 | D:11     | Killed a purple ugly thing
  8623 | D:11     | Killed a two-headed ogre
  8987 | D:11     | Reached skill level 5 in Axes
  9206 | D:11     | Identified a scroll of acquirement
  9273 | D:11     | Noticed Erica
  9273 | D:11     | Noticed a wolf spider
  9285 | D:11     | Killed Erica
  9285 | D:11     | Received a gift from Trog
  9298 | D:11     | Killed a wolf spider
  9298 | D:11     | Reached XP level 12. HP: 70/110 MP: 6/11
  9631 | D:11     | Identified the Tome of Shifting Good Luck
 10020 | D:11     | Found the +7 great mace "Firestarter" {inner flame, rF++}
 10330 | D:11     | Found a staircase to the Lair.
 10874 | Lair:1   | Entered Level 1 of the Lair of Beasts
 10968 | Lair:1   | Found the +7 Kryia's mail coat {PotionHeal*2 rC+}
 12282 | Lair:2   | Found a staircase to the Snake Pit.
 12302 | Lair:2   | Noticed a seven-headed hydra
 12312 | Lair:2   | Killed a four-headed hydra
 12640 | Lair:2   | Received a gift from Trog
 13010 | Lair:3   | Noticed a four-headed hydra
 13011 | Lair:3   | Noticed PrincessPwny's ghost (journeyman GnFi)
 13025 | Lair:3   | Found a runed gate.
 13025 | Lair:3   | Found a runed gate.
 13025 | Lair:3   | Found a runed gate.
 13025 | Lair:3   | Noticed a minotaur
 13039 | Lair:3   | Found a staircase to the Shoals.
 13424 | Lair:3   | Noticed a seven-headed hydra
 13432 | Lair:3   | Killed a five-headed hydra
 13742 | Lair:4   | Noticed Sonja
 13753 | Lair:4   | Noticed a five-headed hydra
 13758 | Lair:4   | Cast into level 1 of the Abyss (Sonja)
 13845 | Abyss:2  | Noticed a tentacled starspawn
 13855 | Abyss:2  | Killed a tentacled starspawn
 13855 | Abyss:2  | Reached XP level 13. HP: 118/118 MP: 12/12
 13868 | Abyss:2  | Noticed a tentacled monstrosity
 13876 | Abyss:2  | Killed a tentacled monstrosity
 13876 | Abyss:2  | Reached skill level 1 in Evocations
 13894 | Abyss:2  | Noticed a tentacled starspawn
 13906 | Abyss:2  | Killed a tentacled starspawn
 13931 | Abyss:2  | Reached skill level 10 in Axes
 13957 | Lair:4   | Escaped the Abyss
 14585 | Lair:4   | Cast into level 1 of the Abyss (Sonja)
 14613 | Abyss:1  | Lost intelligence.
 14629 | Abyss:1  | Noticed a bone dragon
 14650 | Abyss:1  | Killed a bone dragon
 14784 | Abyss:1  | Noticed a starcursed mass
 14803 | Abyss:1  | Noticed a lich
 14807 | Abyss:1  | Paralysed by accursed screaming for 1 turns
 14815 | Abyss:1  | Killed a lich
 14962 | Abyss:1  | Noticed a tentacled starspawn
 14986 | Lair:4   | Escaped the Abyss
 15050 | Lair:4   | Received a gift from Trog
 15050 | Lair:4   | Reached skill level 15 in Shields
 15073 | Lair:4   | Reached XP level 14. HP: 89/129 MP: 11/15
 15274 | Lair:4   | Cast into level 2 of the Abyss (Sonja)
 15338 | Abyss:2  | Noticed a starcursed mass
 15474 | Abyss:2  | Noticed a starcursed mass
 15483 | Abyss:2  | Noticed a Hell Sentinel
 15515 | Abyss:2  | Killed a Hell Sentinel
 15697 | Lair:4   | Escaped the Abyss
 16475 | Lair:5   | Reached skill level 5 in Evocations
 16560 | Lair:5   | Found a staircase to the Slime Pits.
 16789 | Lair:5   | Found a viscous altar of Jiyva.
 16832 | Lair:6   | Entered Level 6 of the Lair of Beasts
 18119 | Lair:6   | Reached XP level 15. HP: 123/138 MP: 13/18
 18150 | Lair:6   | Received a gift from Trog
 19060 | Orc:1    | Entered Level 1 of the Orcish Mines
 19123 | Orc:1    | Found a flagged portal.
 19284 | Orc:2    | Entered Level 2 of the Orcish Mines
 19284 | Orc:2    | Found Nefett's Antique Armour Boutique.
 19383 | Orc:2    | Paralysed by an orc sorcerer for 3 turns
 19646 | Orc:2    | Found Essukom's Assorted Antiques.
 19909 | Orc:1    | Found Jun Wepa's Weapon Shop.
 20101 | Orc:2    | Found a staircase to the Elven Halls.
 20110 | Orc:2    | Found Viguzo's General Store.
 20176 | Orc:2    | Found Bagugg's Book Boutique.
 20456 | Orc:2    | Found Korr's Antique Weapon Shop.
 20749 | Orc:2    | Found Pesusk's Antique Armour Shop.
 20916 | Orc:2    | Bought a glowing plate armour for 754 gold pieces
 20916 | Orc:2    | Bought a shiny chain mail for 217 gold pieces
 21000 | Orc:2    | Bought a shiny scale mail for 231 gold pieces
 21160 | D:5      | Bought a glowing chain mail for 157 gold pieces
 21173 | D:5      | Bought an agate ring for 105 gold pieces
 21173 | D:5      | Bought a blackened bone amulet for 105 gold pieces
 21914 | D:12     | Found Zir Kosa's Assorted Antiques.
 22432 | D:13     | Reached skill level 15 in Axes
 22992 | D:14     | Found a gate to the Vaults.
 23286 | D:14     | Received a gift from Trog
 23432 | D:14     | Reached skill level 15 in Fighting
 24090 | D:14     | Found a runed gate.
 24105 | D:14     | Found a runed gate.
 24105 | D:14     | Found a runed gate.
 24112 | D:14     | Found an iron altar of Okawaru.
 24112 | D:14     | Noticed Kave's ghost (journeyman TrTm)
 24282 | D:15     | Entered Level 15 of the Dungeon
 24334 | D:15     | Reached XP level 16. HP: 122/149 MP: 20/20
 24475 | D:15     | Found a staircase to the Depths.
 25611 | D:12     | Bought a pair of embroidered boots for 225 gold pieces
 25778 | Shoals:1 | Entered Level 1 of the Shoals
 26468 | Shoals:1 | Reached skill level 15 in Armour
 26773 | Shoals:2 | Noticed a kraken
 26788 | Shoals:2 | Killed a kraken
 27429 | Shoals:2 | Noticed Ilsuiw
 27483 | Shoals:2 | Killed from afar by Ilsuiw

Skill      XL: |  1  2  3  4  5  6  7  8  9 10 11 12 13 14 15 16 |
---------------+-------------------------------------------------+-----
Maces & Flails | 4 5 6 7 9 10 | 10.5
Fighting       | 4 5 6 7 9 10 11 12 13 14 15 16 | 16.0
Armour         | 3 4 5 6 7 8 9 10 11 12 13 14 15 | 15.1
Dodging        | 3 4 5 6 7 8 |  8.7
Shields        | 3 7 10 12 13 15 | 15.0
Axes           | 5 9 11 13 15 16 | 16.3
Evocations     | 3 6 7 8 |  8.1

Action                   |  1- 3 |  4- 6 |  7- 9 | 10-12 | 13-15 | 16-18 || total
-------------------------+-------+-------+-------+-------+-------+-------++-------
Melee: Mace              |    86 |   184 |   402 |   497 |       |       ||  1169
       Headbutt          |    12 |    35 |    87 |   174 |   406 |   100 ||   814
       Hand axe          |       |       |       |    90 |  1348 |   312 ||  1750
       War axe           |       |       |       |    81 |       |       ||    81
       Morningstar       |       |       |       |    73 |       |       ||    73
 Fire: Hunting sling     |       |       |       |       |     1 |       ||     1
Invok: Berserk           |       |       |     2 |     5 |    12 |     1 ||    20
       Brothers in Arms  |       |       |       |     1 |    19 |     3 ||    23
       Trog's Hand       |       |       |       |       |     2 |       ||     2
Evoke: Wand              |       |       |       |       |     3 |       ||     3
  Use: Scroll            |       |       |       |    22 |    10 |       ||    32
       Potion            |       |       |       |     1 |     6 |     1 ||     8
 Stab: Sleeping          |     2 |       |       |       |       |       ||     2
       Paralysed         |       |       |     1 |       |       |       ||     1
       Distracted        |       |       |       |       |     1 |       ||     1
  Eat: Chunk             |       |     6 |    15 |    28 |    39 |     4 ||    92
       Ration            |       |       |       |     1 |     4 |     3 ||     8
Armor: Animal skin       |    12 |     6 |       |       |       |       ||    18
       Scale mail        |       |    83 |    19 |    35 |   254 |    26 ||   417
       Chain mail        |       |       |   157 |   178 |       |       ||   335
       Plate armour      |       |       |       |    11 |       |       ||    11
Dodge: Dodged            |    71 |   108 |   164 |   332 |   446 |    94 ||  1215
Block: Shield            |       |       |   112 |   458 |   735 |   201 ||  1506
       Reflection        |       |       |       |       |    35 |    42 ||    77
